 Dungeon Crawl Stone Soup version 0.30-a0-385-gfebfb9b408 (webtiles) character file.

Game seed: 6937790133581425189

9645 avis the Skirmisher (level 11, -12/89 HPs)
             Began as a Demigod Hunter on Dec 1, 2022.
             Mangled by a boulder beetle (17 damage)
             ... on level 11 of the Dungeon on Dec 2, 2022.
             The game lasted 01:12:47 (11081 turns).

avis the Skirmisher (Demigod Hunter)               Turns: 11081, Time: 01:12:48

Health: -12/89     AC:  6    Str: 12    XL:     11   Next: 5%
Magic:  14/14      EV: 16    Int: 11    God:
Gold:   490        SH:  0    Dex: 35    Spells: 10/10 levels left

rFire   + . .      SeeInvis .    b - +0 arbalest
rCold   + . .      Faith    .    (shield currently unavailable)
rNeg    . . .      Spirit   .    g - +0 troll leather armour
rPois   .          Reflect  .    l - +0 helmet
rElec   .          Harm     .    j - scarf {rC+ rF+}
rCorr   .          Rampage  .    B - +0 pair of gloves
Will    +....                    (no boots)
Stlth   +++.......               (no amulet)
HPRegen 1.14/turn                z - +6 ring of dexterity
MPRegen 0.14/turn                N - +4 ring of slaying

@: no status effects
A: high MP 1, forlorn, divine attributes
a: no special abilities


You were on level 11 of the Dungeon.
You visited 2 branches of the dungeon, and saw 12 of its levels.

You collected 490 gold pieces.

Inventory:

Hand Weapons
 a - the +7 staff of the Meek {protect, meekguard}
   (You found it on level 5 of the Dungeon)

   It grants its wielder temporary protection when it strikes (+7 to AC).
   It provides extra protection to wielders with little health.
 b - a +0 arbalest (weapon)
 c - a +1 dagger of protection
 q - a +2 vorpal spear
 w - a +1 quarterstaff of speed
 D - a +1 dagger of protection
 K - a +0 rapier of electrocution
 O - a +2 flail of protection
 Q - a +2 flail of pain
 R - a +2 dagger of venom
 T - a +0 trident of protection
 U - a +2 dagger of electrocution
 W - a +0 shortbow
Armour
 g - a +0 troll leather armour (worn)
 j - a scarf of resistance (worn)
 l - a +0 helmet (worn)
 u - a +1 kite shield of fire resistance
 x - a +1 robe of cold resistance
 B - a +0 pair of gloves (worn)
Jewellery
 z - a +6 ring of dexterity (left hand)
 N - a +4 ring of slaying (right hand)
Wands
 A - a wand of quicksilver (4)
 L - a wand of mindburst (17)
 M - a wand of roots (6)
Scrolls
 h - a scroll of acquirement {unknown}
 m - 3 scrolls of fog {unknown}
 n - 2 scrolls of enchant armour {unknown}
 o - 2 scrolls of enchant weapon {unknown}
 p - 8 scrolls of teleportation {unknown}
 s - 2 scrolls of fear {unknown}
 t - 3 scrolls of blinking {unknown}
 v - 2 scrolls of summoning {unknown}
 y - a scroll of torment {unknown}
 E - 2 scrolls of vulnerability {unknown}
 G - a scroll of identify
 J - a scroll of amnesia {unknown}
 P - 4 scrolls of poison {unknown}
 S - a scroll of brand weapon {unknown}
 V - a scroll of noise
Potions
 d - a potion of brilliance
 e - a potion of magic
 f - 2 potions of lignification
 i - 2 potions of heal wounds
 k - 2 potions of invisibility
 r - 5 potions of flight
 C - 2 potions of might
 F - a potion of cancellation
 H - a potion of berserk rage {unknown}
Miscellaneous
 I - a lightning rod (4/4)


   Skills:
 - Level 6.0 Fighting
 * Level 14.9 Ranged Weapons
 - Level 4.0 Dodging
 - Level 2.0 Stealth


You had 10 spell levels left.
You didn't know any spells.
Your spell library contained the following spells:

 Spells                   Type           Power      Damage    Failure   Level
 Kiss of Death            Conj/Necr      0%         2d5       41%         1
 Magic Dart               Conj           0%         1d3       41%         1
 Sting                    Tmut/Pois      0%         1d3       41%         1
 Poisonous Vapours        Pois/Air       0%         N/A       56%         2
 Searing Ray              Conj           0%         2d4       56%         2
 Confusing Touch          Hex            0%         N/A       80%         3
 Frozen Ramparts          Ice            0%         1d1       80%         3
 Dispel Undead            Necr           0%         3d6       99%         4
 Fulminant Prism          Conj/Hex       0%         3d5       99%         4
 Ice Form                 Ice/Tmut       0%         N/A       99%         4
 Olgreb's Toxic Radiance  Pois           0%         N/A       99%         4
 Summon Ice Beast         Ice/Summ       0%         N/A       99%         4


Dungeon Overview and Level Annotations

Branches:
Dungeon (11/15)            Temple (1/1) D:4
   Lair: D:8-11         Orc: D:9-12

Shops:
D:2 :   D:4 [   D:9 *

Portals:
Trove: D:11 (give 16 potions of curing)

Annotations:
D:3 2 transporters, 1 runed translucent door, exclusion: door
D:7 2 runed translucent doors, qeuew's ghost, novice TrCK
D:8 1 runed translucent door, Iich's ghost, novice MiBe
D:9 deep water search


Innate Abilities, Weirdness & Mutations

You have an increased reservoir of magic. (+10% MP)
You shall have no god before yourself.
Your divine heritage dramatically boosts your attributes as you level up.


Message History

Fire: b) +0 arbalest
Press: ? - help, Q - select action, (/) - cycle Shift-Dir - straight line, f/p - centaur warrior
Aim: a centaur warrior, wielding a staff of air (80% to hit)
You shoot a bolt.
The bolt barely misses the two-headed ogre.
The bolt barely misses the yak.
The bolt barely misses the two-headed ogre.
The bolt hits the centaur warrior!!
The centaur warrior is heavily wounded.
You hear a shout!
The two-headed ogre hits you with a +0 giant club!!
The two-headed ogre misses you.
You hear a howl! x2
Fire: b) +0 arbalest
Press: ? - help, Q - select action, (/) - cycle Shift-Dir - straight line, f/p - centaur warrior
Aim: a centaur warrior, wielding a staff of air (heavily wounded, 80% to hit)
You shoot a bolt.
The bolt barely misses the two-headed ogre.
The bolt hits the yak!!!
You kill the yak!
You hear an angry buzzing noise.
The two-headed ogre hits you with a +0 giant club! x2
* * * LOW HITPOINT WARNING * * *
Fire: b) +0 arbalest
Press: ? - help, Q - select action, (/) - cycle Shift-Dir - straight line, f/p - centaur warrior
Aim: a centaur warrior, wielding a staff of air (heavily wounded, 80% to hit)
You shoot a bolt. The bolt hits the two-headed ogre!!
You kill the two-headed ogre!
A killer bee comes into view.
You have reached level 11!
Fire: b) +0 arbalest
Press: ? - help, Q - select action, (/) - cycle Shift-Dir - straight line, f/p - centaur warrior
Aim: a centaur warrior, wielding a staff of air (heavily wounded, 80% to hit)
You shoot a bolt.
The bolt hits the boulder beetle but does no damage.
The boulder beetle is lightly wounded.
The boulder beetle bites you!!
* * * LOW HITPOINT WARNING * * *
The killer bee closely misses you. The boulder beetle bites you!
You die...

..# ## #..#
..### ..).#
:$/##...#
#y)#...#
#@#...#
#B#...#
#u#....#
#.c#.#..#
#hC##.#†.##
..###..'...#
###.....#...#
.......#...#
#
........#..##
.#


You could see a boulder beetle, a white ugly thing, a centaur warrior, a
cyclops, a howler monkey and a killer bee.

Vanquished Creatures
  Erolcha (D:10)
  2 two-headed ogres
  Pikel (D:6)
  Joseph (D:7)
  4 trolls
  A hornet (D:7)
  A shadow (D:11)
  2 wyverns
  A wraith (D:10)
  4 yaks
  Menkaure (D:6)
  Edmund (D:6)
  A water moccasin (D:7)
  12 ice beasts
  4 sky beasts
  2 ogres (D:7)
  3 orc warriors
  2 centaurs
  3 bullfrogs
  A gnoll sergeant (D:9)
  2 necrophages
  3 scorpions
  14 wights
  5 killer bees (D:9)
  3 electric eels (D:9)
  A jelly (D:6)
  A hound (D:4)
  7 orc priests
  A gnoll bouda (D:8)
  3 iguanas
  16 orc wizards
  8 gnolls
  7 adders
  3 white imps
  2 worms
  3 dart slugs
  36 orcs
  6 endoplasms
  3 giant cockroaches
  8 hobgoblins
  8 kobolds
  9 quokkas
  3 ball pythons
  5 bats
  2 frilled lizards
  8 goblins
  8 rats
223 creatures vanquished.

Vanquished Creatures (others)
  A fungus (D:7)
  6 plants (D:8)
7 creatures vanquished.

Grand Total: 230 creatures vanquished

Notes
Turn   | Place    | Note
-------+----------+-------------------------------------------
     0 | D:1      | avis the Demigod Hunter began the quest for the Orb.
     0 | D:1      | Reached XP level 1. HP: 17/17 MP: 3/3
   164 | D:1      | Reached skill level 4 in Ranged Weapons
   219 | D:1      | Reached XP level 2. HP: 24/24 MP: 4/4
  1168 | D:2      | Reached XP level 3. HP: 15/29 MP: 5/5
  1772 | D:2      | Reached skill level 5 in Ranged Weapons
  1828 | D:2      | Found Zeziq's Book Shoppe.
  2139 | D:3      | Found a transporter.
  2155 | D:3      | Found a transporter.
  2410 | D:3      | Reached XP level 4. HP: 36/36 MP: 6/6
  2919 | D:3      | Found a runed translucent door.
  3156 | D:4      | Found a staircase to the Ecumenical Temple.
  3159 | D:4      | Identified the +10 glaive "Ikafiz" {flame, *Noise rN+
                  | Str+10}
  3275 | D:4      | Found Ytougetz's Armour Shoppe.
  3418 | D:4      | Reached skill level 6 in Ranged Weapons
  3418 | D:4      | Reached XP level 5. HP: 36/41 MP: 7/7
  3481 | D:4      | Reached skill level 1 in Stealth
  3713 | D:5      | Entered Level 5 of the Dungeon
  3985 | D:5      | Found the +7 staff of the Meek {protect, meekguard}
  4589 | D:6      | Noticed a sky beast
  4599 | D:6      | Killed a sky beast
  4600 | D:6      | Reached XP level 6. HP: 43/51 MP: 8/8
  4939 | D:6      | Reached skill level 7 in Ranged Weapons
  5045 | D:6      | Reached XP level 7. HP: 26/56 MP: 9/9
  5233 | D:6      | Noticed Edmund
  5259 | D:6      | Killed Edmund
  5260 | D:6      | Reached skill level 8 in Ranged Weapons
  5516 | D:6      | Noticed Menkaure
  5525 | D:6      | Noticed Pikel
  5528 | D:6      | Killed Menkaure
  5535 | D:6      | Killed Pikel
  5536 | D:6      | Reached skill level 9 in Ranged Weapons
  5536 | D:6      | Reached XP level 8. HP: 32/66 MP: 10/10
  5716 | Temple   | Entered the Ecumenical Temple
  6003 | D:7      | Noticed Joseph
  6015 | D:7      | Reached skill level 10 in Ranged Weapons
  6030 | D:7      | Killed Joseph
  6031 | D:7      | Reached skill level 5 in Fighting
  6076 | D:7      | Noticed a troll
  6384 | D:7      | Found a large runed translucent door.
  6384 | D:7      | Found a large runed translucent door.
  6386 | D:7      | Noticed qeuew's ghost (novice TrCK)
  6596 | D:7      | Noticed a hornet
  6609 | D:7      | Paralysed by a hornet for 2 turns
  6611 | D:7      | Paralysed by a hornet for 3 turns
  6618 | D:7      | HP: 1/68 [hornet (8)]
  6622 | D:7      | Killed a hornet
  6623 | D:7      | Reached XP level 9. HP: 38/74 MP: 11/11
  6737 | D:7      | Reached skill level 11 in Ranged Weapons
  7566 | D:8      | Found a runed translucent door.
  7569 | D:8      | Noticed Iich's ghost (novice MiBe)
  7573 | D:8      | Identified the +4 trident of Daisem {drain, *Corrode rC++
                  | rN+ Dex+4}
  7614 | D:8      | Reached skill level 12 in Ranged Weapons
  8745 | Temple   | Upgraded the game from 0.30-a0-377-g5cb311bc9f to
                  | 0.30-a0-385-gfebfb9b408
  9023 | D:9      | Found Wonennol's General Store.
  9050 | D:9      | Noticed a two-headed ogre
  9054 | D:9      | Killed a two-headed ogre
  9055 | D:9      | Reached skill level 13 in Ranged Weapons
  9055 | D:9      | Reached XP level 10. HP: 83/83 MP: 13/13
  9323 | D:9      | Noticed an angel
  9433 | D:9      | Reached skill level 14 in Ranged Weapons
  9854 | D:10     | Entered Level 10 of the Dungeon
 10238 | D:10     | Noticed Erolcha
 10247 | D:10     | Killed Erolcha
 10971 | D:11     | Found a portal to a secret trove of treasure.
 11070 | D:11     | Noticed a two-headed ogre
 11070 | D:11     | Noticed a centaur warrior
 11070 | D:11     | Noticed a two-headed ogre
 11070 | D:11     | Noticed a cyclops
 11070 | D:11     | Noticed a boulder beetle
 11076 | D:11     | Noticed a white ugly thing
 11080 | D:11     | Killed a two-headed ogre
 11081 | D:11     | Reached XP level 11. HP: 21/89 MP: 14/14
 11081 | D:11     | Mangled by a boulder beetle

Illustrated notes

Levels and vault maps discovered:
D:1:      dpeg_arrival_line_fractal, layout_loops_corners,
          minmay_misc_feat_pillars, hangedman_feature_mirror
D:2:      layout_basic, basic_ecumenical_altar, serial_shops, shop
D:3:      gammafunk_steamed_eel, layout_basic, mainiacjoe_overflow_boulevard,
          minmay_fractal_squares_gapless_5, uniq_crazy_yiuf_cottage
D:4:      layout_gridville, minmay_temple_entry_arrows, serial_shops,
          shop_statue
D:5:      layout_loops_cross
D:6:      layout_loops_cross, doesnt_xom_only_xom, uniq_menkaure, uniq_edmund,
          uniq_pikel
D:7:      layout_basic, mainiacjoe_overflow_alcove_4,
          mainiacjoe_overflow_chevrons, grunt_temple_overflow_opulence,
          ebering_ghost_disaster_area, minivault_5, uniq_joseph
D:8:      layout_basic, mainiacjoe_overflow_paths, overflow_temple_1_default,
          ebering_ghost_funeral_grove
D:9:      minmay_twisted_water, layout_basic, zin_angel, serial_shops,
          nicolae_diamond_shop
D:10:     layout_loops_corners, uniq_erolcha
D:11:     layout_gridville, erik_lair_orcish_takeover,
          nicolae_trove_entry_free_sample, minmay_alternating_orb
Temple:   nicolae_temple_god_jail

Skill      XL: |  1  2  3  4  5  6  7  8  9 10 |
---------------+-------------------------------+-----
Fighting       | 2 3 4 5 6 |  6.0
Ranged Weapons | 4 5 6 7 9 10 13 14 | 14.9
Dodging        | 2 4 |  4.0
Stealth        | 2 |  2.0

Action                   |  1- 3 |  4- 6 |  7- 9 | 10-12 || total
-------------------------+-------+-------+-------+-------++-------
Melee: Quarterstaff      |       |    15 |    90 |       ||   105
 Fire: Shortbow          |   136 |   104 |    61 |       ||   301
       Arbalest          |       |       |    97 |   129 ||   226
  Use: Potion            |     2 |       |     8 |       ||    10
       Scroll            |       |     6 |     5 |       ||    11
Armor: Leather armour    |    14 |     9 |       |       ||    23
       Robe              |       |     1 |    44 |       ||    45
       Troll leather arm |       |       |     4 |     4 ||     8
Dodge: Dodged            |    38 |    21 |   104 |    27 ||   190

Table legend: (Time is in decaauts)
 A = Elapsed time spent in this place.
 B = Non-inter-level travel time spent in this place.
 C = Inter-level travel time spent in this place.
 D = Time resting spent in this place.
 E = Time spent auto-exploring this place.
 F = Levels seen in this place.
 G = Mean time per level.
                   A        B        C        D        E       F      G
               +--------+--------+--------+--------+--------+-----+--------+
         Total |  11272 |   9806 |   1466 |   1359 |   6099 |  12 |  939.3 |
       Dungeon |  11227 |   9763 |   1464 |   1359 |   6099 |  11 | 1020.6 |
        Temple |     45 |     43 |      2 |      0 |      0 |   1 |   45.0 |
               +--------+--------+--------+--------+--------+-----+--------+

Top non-repeatable levels by time:
     D:7: 1959 daAuts
     D:6: 1325 daAuts
     D:1: 1106 daAuts
     D:8: 1058 daAuts
     D:2: 1048 daAuts
     D:3: 1028 daAuts
     D:9: 1012 daAuts
    D:10: 1002 daAuts
     D:4: 864 daAuts
     D:5: 687 daAuts
    D:11: 134 daAuts
  Temple: 45 daAuts
